 Dungeon Crawl Stone Soup version 0.30-a0-134-gb40fab5c76 (webtiles) character file.

Game seed: 7557318714079833800

67 IdlyInterested the Trooper (level 4, -3/35 HPs)
             Began as a Demonspawn Wanderer on Sept 19, 2022.
             Slain by a steam dragon (5 damage)
             ... on level 2 of the Dungeon.
             The game lasted 00:05:23 (1490 turns).

IdlyInterested the Trooper (Demonspawn Wanderer)    Turns: 1490, Time: 00:05:23

Health: -3/35      AC:  8    Str: 12    XL:     4   Next: 0%
Magic:  7/7        EV: 15    Int: 14    God:
Gold:   143        SH:  0    Dex: 14    Spells: 7/7 levels left

rFire   + . .      SeeInvis .    a - +2 spear
rCold   + . .      Faith    .    (no shield)
rNeg    . . .      Spirit   .    e - +0 robe
rPois   +          Reflect  .    f - +0 helmet
rElec   +          Harm     .    (no cloak)
rCorr   +          Rampage  .    j - +0 pair of gloves
Will    .....                    (no boots)
Stlth   ++........               (no amulet)
HPRegen 0.11/turn                q - +4 ring of protection
MPRegen 0.20/turn                o - +4 ring of evasion

@: resistant
A: foul stench 1, magic regeneration
a: no special abilities


You were on level 2 of the Dungeon.
You visited 1 branch of the dungeon, and saw 2 of its levels.

You collected 143 gold pieces.

Inventory:

Hand Weapons
 a - a +2 spear (weapon)
 c - a +0 dagger
 h - a +0 hand axe
 n - a +0 flail
Missiles
 b - 13 poisoned darts (quivered)
Armour
 e - a +0 robe (worn)
 f - a +0 helmet (worn)
 j - a +0 pair of gloves (worn)
 s - a +0 chain mail
Jewellery
 g - a ring of magical power
 l - a ring of protection from fire
 o - a +4 ring of evasion (right hand)
 p - a ring of ice
 q - a +4 ring of protection (left hand)
 u - a +6 ring of strength
Wands
 t - a wand of polymorph (7)
Scrolls
 i - 3 scrolls of teleportation
Potions
 k - a potion of magic


   Skills:
 * Level 3.2 Fighting
 - Level 2.6 Polearms
 - Level 1.0 Throwing
 + Level 0.5 Armour
 - Level 1.0 Dodging
 - Level 1.0 Stealth
 - Level 2.0 Spellcasting
 - Level 2.1 Necromancy
 - Level 1.0 Evocations


You had 7 spell levels left.
You didn't know any spells.
Your spell library contained the following spells:

 Spells                   Type           Power      Damage    Failure   Level
 Sublimation of Blood     Necr           7%         N/A       14%         2
 Cigotuvi's Dreadful Rot  Necr/Pois/Air  6%         N/A       26%         2


Dungeon Overview and Level Annotations

Branches:
Dungeon (2/15)

Altars:


Innate Abilities, Weirdness & Mutations

You may rarely emit foul miasma when damaged in melee.
You regenerate magic rapidly.


Message History

The steam dragon is lightly wounded.
The steam dragon misses you. The steam dragon barely misses you.
It was a potion of curing.
You feel better. The steam dragon closely misses you.
The steam dragon claws you but does no damage.
You hit the steam dragon but do no damage.
The steam dragon is lightly wounded.
The steam dragon bites you.
* * * LOW HITPOINT WARNING * * *
The steam dragon claws you but does no damage.
You hit the steam dragon.
The steam dragon is lightly wounded.
The steam dragon closely misses you.
The steam dragon claws you but does no damage.
You hit the steam dragon.
The steam dragon is moderately wounded.
The steam dragon bites you but does no damage.
The steam dragon claws you but does no damage.
You hit the steam dragon.
The steam dragon is moderately wounded.
You hit the steam dragon but do no damage.
The steam dragon is moderately wounded.
The steam dragon bites you but does no damage.
The steam dragon closely misses you.
You barely miss the steam dragon.
The steam dragon is moderately wounded.
The steam dragon barely misses you. x2
You closely miss the steam dragon.
The steam dragon is moderately wounded.
The steam dragon breathes steam at you. The ball of steam hits you. You resist.
* * * LOW HITPOINT WARNING * * *
Throw: 14 darts (poison)
Press: ? - help, Q - select action, (/) - cycle Shift-Dir - straight line, f/p - steam dragon
Aim: a steam dragon (moderately wounded, catching its breath, 59% to hit)
You throw a poisoned dart.
The poisoned dart closely misses the steam dragon.
The poisoned dart closely misses the gnoll.
The steam dragon completely misses you. The steam dragon claws you.
You die...

##..#.......#####.#.##.....#
... .........####
>.###.....#.###...
########## #.#.##.#<.....#..
###.###.##........ #...#
#.##...###.. # #.#.#
#.##........ #.##§#.#
#......##### #...§..#
##.....# ##.#@#.# #.....#
#.#D#.# #.....# #.#g#.#
#.....# #.....# #.....#
###.### ####### #.# ... #(#
#.#


You could see a steam dragon (catching breath) and a gnoll.

Vanquished Creatures
  2 gnolls (D:2)
  A worm (D:2)
  A dart slug (D:1)
  6 bats
  2 endoplasms (D:2)
  3 giant cockroaches
  7 goblins
  4 jackals (D:2)
  2 quokkas (D:1)
  4 ball pythons
  4 frilled lizards
  4 kobolds
  2 rats
42 creatures vanquished.

Notes
Turn   | Place    | Note
-------+----------+-------------------------------------------
     0 | D:1      | IdlyInterested the Demonspawn Wanderer began the quest for
                  | the Orb.
     0 | D:1      | IdlyInterested set off with the following items: a +2
                  | spear, 14 poisoned darts, a +0 dagger, a potion of heal
                  | wounds, a +0 robe; and the following spells available to
                  | memorise: Sublimation of Blood, Cigotuvi's Dreadful Rot.
     0 | D:1      | Reached XP level 1. HP: 15/15 MP: 3/3
   338 | D:1      | Gained mutation: You regenerate magic rapidly. [demonic
                  | ancestry]
   338 | D:1      | Reached XP level 2. HP: 22/22 MP: 5/5
   420 | D:1      | Reached skill level 2 in Fighting
   475 | D:1      | Reached skill level 1 in Evocations
   941 | D:2      | Gained mutation: You may rarely emit foul miasma when
                  | damaged in melee. [demonic ancestry]
   941 | D:2      | Reached XP level 3. HP: 25/28 MP: 6/6
  1457 | D:2      | Reached skill level 1 in Dodging
  1461 | D:2      | Reached skill level 3 in Fighting
  1475 | D:2      | Reached XP level 4. HP: 16/35 MP: 7/7
  1476 | D:2      | a gnoll changed into a steam dragon
  1476 | D:2      | Noticed a steam dragon
  1490 | D:2      | Slain by a steam dragon

Illustrated notes

Levels and vault maps discovered:
D:1:      eino_arrival_tree_alley, layout_rooms, minmay_misc_feat_nine_boxes,
          serial_bayou_crossing
D:2:      layout_loops_cross, nicolae_concentric_dashed_squares_wild,
          minmay_surrounded

Skill      XL: |  1  2  3 |
---------------+----------+-----
Fighting       | 2 3 |  3.2
Evocations     | 1 |  1.0
Dodging        | 1 |  1.0
Polearms       | |  2.6
Throwing       | |  1.0
Armour         | |  0.5
Stealth        | |  1.0
Spellcasting   | |  2.0
Necromancy     | |  2.1

Action                   |  1- 3 |  4- 6 || total
-------------------------+-------+-------++-------
Melee: Spear             |   132 |    11 ||   143
       Punch             |     2 |       ||     2
Throw: Dart              |       |     1 ||     1
Evoke: Wand              |       |     2 ||     2
  Use: Scroll            |     3 |       ||     3
       Potion            |     2 |     2 ||     4
 Stab: Sleeping          |     5 |       ||     5
Armor: Robe              |    34 |     7 ||    41
Dodge: Dodged            |    85 |    12 ||    97

Table legend: (Time is in decaauts)
 A = Elapsed time spent in this place.
 B = Non-inter-level travel time spent in this place.
 C = Inter-level travel time spent in this place.
 D = Time resting spent in this place.
 E = Time spent auto-exploring this place.
 F = Levels seen in this place.
 G = Mean time per level.
                   A        B        C        D        E       F      G
               +--------+--------+--------+--------+--------+-----+--------+
         Total |   1491 |   1409 |     82 |    140 |    815 |   2 |  745.5 |
       Dungeon |   1491 |   1409 |     82 |    140 |    815 |   2 |  745.5 |
               +--------+--------+--------+--------+--------+-----+--------+

Top non-repeatable levels by time:
     D:1: 1001 daAuts
     D:2: 490 daAuts
